 Dungeon Crawl Stone Soup version 0.28.0-45-g0d030f2227 (webtiles) character file.

Game seed: 8622166784406770493

28 bromine the Sneak (level 3, -1/25 HPs)
             Began as an Octopode Brigand on Apr 5, 2022.
             Slain by a phantom (2 damage)
             ... on level 2 of the Dungeon on Apr 14, 2022.
             The game lasted 00:06:17 (984 turns).

bromine the Sneak (Octopode Brigand)                 Turns: 984, Time: 00:06:18

Health: -1/25      AC:  5    Str: 12    XL:     3   Next: 12%
Magic:  3/3        EV: 12    Int: 13    God:
Gold:   70         SH:  0    Dex: 13    Spells: 2/2 levels left

rFire   . . .      SeeInvis .   j - +0 hand axe
rCold   . . .      Faith    .   (no shield)
rNeg    . . .      Spirit   .   (helmet restricted)
rPois   .          Reflect  .   (no amulet)
rElec   .          Harm     .   d - +4 ring of protection
rCorr   .          Rampage  .   (no ring)
Will    .....                   (no ring)
Stlth   ++++......              (no ring)
HPRegen 0.08/turn               (no ring)
MPRegen 0.08/turn               (no ring)
                                (no ring)
                                (no ring)

@: no status effects
A: almost no armour, amphibious, 8 rings, camouflage 1, gelatinous body 1,
(nimble swimmer 1), tentacles
a: no special abilities


You were on level 2 of the Dungeon.
You visited 1 branch of the dungeon, and saw 2 of its levels.

You collected 70 gold pieces.

Inventory:

Hand Weapons
 a - a +2 dagger
 j - a +0 hand axe (weapon)
Missiles
 b - 8 poisoned darts (quivered)
 c - 2 curare-tipped darts
Jewellery
 d - a +4 ring of protection (left tentacle)
Scrolls
 e - a scroll of identify {unknown}
 f - a scroll of enchant weapon {unknown}
 g - a scroll of magic mapping {unknown}
 h - a scroll of noise
 i - a scroll of fog {unknown}
Potions
 l - a potion of berserk rage {unknown}


   Skills:
 + Level 2.4 Fighting
 + Level 2.0 Short Blades
 + Level 1.1 Axes
 + Level 2.1 Throwing
 + Level 1.1 Dodging
 + Level 5.9 Stealth


You had 2 spell levels left.
You didn't know any spells.
Your spell library contained the following spells:

 Spells                   Type           Power      Damage    Failure   Level
 Inner Flame              Hex/Fire       0%         N/A       67%         3
 Cause Fear               Hex            0%         N/A       97%         4
 Discord                  Hex            0%         N/A       100%        8


Dungeon Overview and Level Annotations

Branches:
Dungeon (2/15)

Altars:
Hepliaklqana


Innate Abilities, Weirdness & Mutations

You cannot wear most types of armour.
You are amphibious.
You can wear up to eight rings at the same time.
Your skin changes colour to match your surroundings (Stealth+).
Your rubbery body absorbs attacks. (AC +1, EV +1)
((You are camouflaged when in or above water. (Stealth+)))
You have tentacles for arms and can constrict up to eight enemies at once.


Message History

The phantom blinks!
You blink.
As you read the scroll labelled OHORIZE HEDAEF, it crumbles to dust.
You hear a loud clanging noise!
It was a scroll of noise.
You hear a shout!
You hear an angry hiss.
You hear a shout! x2
You hear an angry hiss. x2
The phantom closely misses you.
It was a potion of curing.
You feel better. The phantom hits you.
The phantom blinks!
You blink.
A rat comes into view.
The phantom hits you.
The phantom blinks!
You blink.
You are too injured to fight recklessly!
You completely miss the phantom. Your squeeze misses the phantom.
The phantom is severely damaged.
The phantom hits you.
* * * LOW HITPOINT WARNING * * *
The phantom blinks!
You blink.
The phantom hits you.
* * * LOW HITPOINT WARNING * * *
The phantom blinks!
You blink.
You hit the phantom.
The phantom is almost destroyed.
The phantom closely misses you.
You closely miss the phantom. Your squeeze misses the phantom.
The phantom is almost destroyed.
The phantom closely misses you.
You barely miss the phantom.
The phantom is severely damaged.
The phantom hits you but does no damage.
The phantom completely misses you.
You hit the phantom.
The phantom is severely damaged.
The phantom hits you but does no damage.
A hobgoblin comes into view.
The hobgoblin shouts!
You hit the phantom but do no damage. Your squeeze misses the phantom.
The phantom is severely damaged.
The rat twitches its whiskers.
The phantom hits you.
You die...

#..####..#
#.### #..#
#.# #..# #.#
#.r# #. #..#
# #..# #..#
#..# #W@#
#..# #..#
#..#
#######..###
#.....g....#
#.#####..#.#
#..#.#
####..#.#


You could see a phantom, a hobgoblin and a rat.

Vanquished Creatures
  2 adders (D:2)
  A giant cockroach (D:2)
  A hobgoblin (D:2)
  2 ball pythons
  A bat (D:2)
  2 frilled lizards (D:1)
  2 goblins (D:1)
  A rat (D:1)
12 creatures vanquished.

Notes
Turn   | Place    | Note
-------+----------+-------------------------------------------
     0 | D:1      | bromine the Octopode Brigand began the quest for the Orb.
     0 | D:1      | Reached XP level 1. HP: 14/14 MP: 1/1
   671 | D:2      | Found a hazy altar of Hepliaklqana.
   680 | D:2      | Reached XP level 2. HP: 19/19 MP: 2/2
   798 | D:2      | Reached skill level 1 in Axes
   800 | D:2      | Reached XP level 3. HP: 12/25 MP: 3/3
   956 | D:2      | Noticed a phantom
   979 | D:2      | HP: 1/25 [phantom (2)]
   984 | D:2      | Slain by a phantom

Illustrated notes

Levels and vault maps discovered:
D:1:      scummos_arrival_star, layout_rooms
D:2:      layout_loops_ring, basic_altar

Skill      XL: |  1  2 |
---------------+-------+-----
Axes           | 1 |  1.1
Fighting       | |  2.4
Short Blades   | |  2.0
Throwing       | |  2.1
Dodging        | |  1.1
Stealth        | |  5.9

Action                   || total
-------------------------++-------
Melee: Hand axe          ||    40
       Dagger            ||     6
       Constrict         ||     6
       Tentacles         ||     4
       Punch             ||     1
  Use: Scroll            ||     1
       Potion            ||     1
 Stab: Sleeping          ||     3
Armor: Skin              ||    16
Dodge: Dodged            ||    31
